 Dungeon Crawl Stone Soup version 0.29.1-1-gd02db6906a (webtiles) character file.

Game seed: 8377691592611493194

1929 safid the Skirmisher (level 8, -8/63 HPs)
             Began as a Minotaur Hunter on Sept 28, 2022.
             Was a Follower of Okawaru.
             Mangled by Pikel
             ... wielding a +2 whip of freezing
              (13 damage)
             ... on level 6 of the Dungeon.
             The game lasted 00:10:59 (6589 turns).

safid the Skirmisher (Minotaur Hunter)              Turns: 6589, Time: 00:10:59

Health: -8/63      AC:  3    Str: 17    XL:     8   Next: 97%
Magic:  7/7        EV: 12    Int:  6    God:    Okawaru [*.....]
Gold:   192        SH:  0    Dex: 15    Spells: 7/7 levels left

rFire   . . .      SeeInvis .   a - +0 shortbow
rCold   . . .      Faith    .   (shield currently unavailable)
rNeg    . . .      Spirit   .   c - +0 leather armour
rPois   .          Reflect  .   (helmet restricted)
rElec   .          Harm     .   (no cloak)
rCorr   +          Rampage  .   (no gloves)
Will    .....                   (no boots)
Stlth   +.........              o - amulet of regeneration
HPRegen 1.00/turn               f - ring of resist corrosion
MPRegen 0.10/turn               (no ring)

@: no status effects
A: horns 2, retaliatory headbutt
a: Renounce Religion, Heroism


You were on level 6 of the Dungeon.
You worshipped Okawaru.
Okawaru was aware of your devotion.
You visited 2 branches of the dungeon, and saw 8 of its levels.

You collected 353 gold pieces.
You spent 161 gold pieces at shops.

Inventory:

Hand Weapons
 a - a +0 shortbow (weapon)
Missiles
 k - a throwing net
Armour
 c - a +0 leather armour (worn)
Jewellery
 f - a ring of resist corrosion (left hand)
 o - an amulet of regeneration (around neck)
 y - an amulet of faith
Scrolls
 b - a scroll of immolation
 e - 3 scrolls of teleportation
 h - 3 scrolls of butterflies
 l - a scroll of fear
 m - 3 scrolls of enchant weapon
 p - a scroll of acquirement {unknown}
 t - a scroll of noise {unknown}
 v - 2 scrolls of vulnerability
 x - a scroll of magic mapping {unknown}
 B - 2 scrolls of blinking
Potions
 d - a potion of mutation {unknown}
 g - a potion of ambrosia {unknown}
 i - a potion of curing
 j - 2 potions of cancellation
 n - a potion of might {unknown}
 q - 2 potions of haste
 r - a potion of lignification {unknown}
 u - a potion of degeneration {unknown}
 w - 2 potions of brilliance
 z - a potion of flight {unknown}
 C - a potion of resistance {unknown}


   Skills:
 - Level 3.0 Fighting
 + Level 13.2 Ranged Weapons
 - Level 2.1 Dodging
 - Level 0.7 Stealth


You had 7 spell levels left.
You didn't know any spells.
Your spell library contained the following spells:

 Spells                   Type           Power      Damage    Failure   Level
 Conjure Flame            Conj/Fire      0%         6-21      88%         3
 Ignite Poison            Fire/Tmut/Pois 0%         N/A       88%         3
 Ozocubu's Armour         Ice            0%         N/A       88%         3
 Sticky Flame             Conj/Fire      0%         2d3       99%         4
 Ozocubu's Refrigeration  Ice            0%         4d7       100%        7


Dungeon Overview and Level Annotations

Branches:
Dungeon (7/15)             Temple (1/1) D:5

Altars:
Ashenzari
Cheibriados
Elyvilon
Fedhas
Gozag
Hepliaklqana
Kikubaaqudgha
Makhleb
Nemelex Xobeh
Okawaru
Qazlal
Sif Muna
Trog
Uskayaw
Vehumet
Wu Jian
Yredelemnul
Zin
The Shining One

Shops:
D:2 ?   D:3 (

Annotations:
D:2 1 runed translucent door, Crazy Yiuf
D:6 Pikel


Innate Abilities, Weirdness & Mutations

You have a pair of horns on your head.
You reflexively headbutt those who attack you in melee.


Message History

You shoot an arrow.
The arrow hits Pikel but does no damage.
Pikel is almost dead.
Pikel hits you with a +2 whip of freezing!
Pikel freezes you.
* * * LOW HITPOINT WARNING * * *
Fire: a) +0 shortbow
Press: ? - help, Q - select action, (/) - cycle Shift-Dir - straight line, f/p - Pikel
Aim: Pikel, wielding a +2 whip of freezing and wearing a +0 robe (almost dead, 60% to hit)
You shoot an arrow. The arrow closely misses Pikel.
Unknown command.
Fire: a) +0 shortbow
Press: ? - help, Q - select action, (/) - cycle Shift-Dir - straight line, f/p - Pikel
Aim: Pikel, wielding a +2 whip of freezing and wearing a +0 robe (almost dead, 60% to hit)
You shoot an arrow.
The arrow hits Pikel but does no damage.
Pikel is almost dead.
Pikel hits you with a +2 whip of freezing!
* * * LOW HITPOINT WARNING * * *
Pikel freezes you.
* * * LOW HITPOINT WARNING * * *
You feel better. Pikel barely misses you.
Fire: a) +0 shortbow
Press: ? - help, Q - select action, (/) - cycle Shift-Dir - straight line, f/p - Pikel
Aim: Pikel, wielding a +2 whip of freezing and wearing a +0 robe (almost dead, 60% to hit)
You shoot an arrow.
The arrow hits Pikel but does no damage.
Pikel is almost dead.
Pikel hits you with a +2 whip of freezing.
* * * LOW HITPOINT WARNING * * *
Pikel freezes you.
* * * LOW HITPOINT WARNING * * *
Fire: a) +0 shortbow
Press: ? - help, Q - select action, (/) - cycle Shift-Dir - straight line, f/p - Pikel
Aim: Pikel, wielding a +2 whip of freezing and wearing a +0 robe (almost dead, 60% to hit)
You shoot an arrow.
The arrow hits Pikel but does no damage.
Pikel is almost dead.
Pikel hits you with a +2 whip of freezing!
You die...

.'.........######..........#...##
.#.........# #..........#...#.
.#.........# #..........'...#.
.#.........######....).....#...##
.#.........#....######"....#...##
'#.....#)###.........#....>#.....
.#.....#.[...........#.....#.....
.#.....#.............#.....######
.#.....#.<##...K@....#.........##
########..##.....#####.........#.
#......#####'##....##'##....#.
#.............#....#...#....#.
#.............#....#...#....'.
#.............#....#...#....#.
##....[##'#####........#....#'
#######....K...########......
#........# #......


You could see Pikel.

Vanquished Creatures
  Sigmund (D:2)
  A wyvern (D:5)
  A water moccasin (D:7)
  2 black bears
  An ice beast (D:6)
  3 lemures
  A centaur (D:6)
  A phantom (D:6)
  2 scorpions (D:5)
  A howler monkey (D:5)
  6 hounds
  5 orc priests
  A jelly (D:6)
  Terence (D:3)
  4 iguanas
  Natasha (twice) (D:3)
  4 orc wizards (D:5)
  7 gnolls
  12 adders
  A white imp (D:5)
  2 ufetubi
  4 worms
  4 dart slugs
  13 orcs
  9 endoplasms
  7 goblins
  8 hobgoblins
  4 quokkas
  17 ball pythons
  3 bats
  4 frilled lizards
  4 kobolds
  5 rats (D:1)
141 creatures vanquished.

Vanquished Creatures (others)
  A goblin (D:2)
1 creature vanquished.

Grand Total: 142 creatures vanquished

Notes
Turn   | Place    | Note
-------+----------+-------------------------------------------
     0 | D:1      | safid the Minotaur Hunter began the quest for the Orb.
     0 | D:1      | Reached XP level 1. HP: 18/18 MP: 0/0
   306 | D:1      | Reached XP level 2. HP: 17/26 MP: 1/1
   557 | D:1      | Found a faded altar of an unknown god.
   635 | D:1      | Reached skill level 5 in Ranged Weapons
  1036 | D:2      | Reached XP level 3. HP: 31/31 MP: 2/2
  1267 | D:2      | Reached skill level 6 in Ranged Weapons
  1267 | D:2      | Reached XP level 4. HP: 35/38 MP: 3/3
  1778 | D:2      | Found Boseri's Magic Scroll Shoppe.
  1786 | D:2      | Bought a scroll of identify for 28 gold pieces
  1823 | D:2      | Noticed Sigmund
  1865 | D:2      | Killed Sigmund
  1866 | D:2      | Reached skill level 7 in Ranged Weapons
  1866 | D:2      | Reached XP level 5. HP: 36/45 MP: 4/4
  1866 | D:2      | Reached XP level 6. HP: 41/51 MP: 5/5
  2060 | D:2      | Reached skill level 8 in Ranged Weapons
  2189 | D:2      | Found a runed translucent door.
  2189 | D:2      | Identified the +3 hammer of the Realm of Zot {drain, +Blink
                  | rElec rC- Str+4}
  2190 | D:2      | Noticed Crazy Yiuf
  2454 | D:3      | Noticed Natasha
  2462 | D:3      | Killed Natasha
  2950 | D:3      | Reached skill level 9 in Ranged Weapons
  3026 | D:3      | Noticed Natasha
  3031 | D:3      | Killed Natasha
  3032 | D:3      | Reached XP level 7. HP: 56/57 MP: 6/6
  3095 | D:3      | Found Luzoczem's Weapon Boutique.
  3272 | D:3      | Noticed Terence
  3279 | D:3      | Killed Terence
  3290 | D:3      | Found a glowing golden altar of the Shining One.
  3731 | D:4      | Found a glowing silver altar of Zin.
  3922 | D:4      | Found a stormy altar of Qazlal.
  3993 | D:5      | Entered Level 5 of the Dungeon
  4022 | D:5      | Reached skill level 10 in Ranged Weapons
  4103 | D:5      | Found an ornate altar of the Wu Jian Council.
  4397 | D:5      | Noticed a wyvern
  4406 | D:5      | Killed a wyvern
  4532 | D:5      | Reached XP level 8. HP: 63/63 MP: 7/7
  4542 | D:5      | Reached skill level 11 in Ranged Weapons
  4732 | D:5      | Found a staircase to the Ecumenical Temple.
  4756 | Temple   | Entered the Ecumenical Temple
  4813 | Temple   | Became a worshipper of Warmaster Okawaru
  4954 | D:5      | Reached skill level 12 in Ranged Weapons
  4960 | D:5      | Found an opulent altar of Gozag.
  5317 | D:2      | Bought a scroll of identify for 28 gold pieces
  5317 | D:2      | Bought a scroll of blinking for 105 gold pieces
  5902 | D:6      | Reached * piety under Okawaru
  6203 | D:6      | Reached skill level 13 in Ranged Weapons
  6459 | D:7      | Noticed Pikel
  6586 | D:6      | HP: 3/63 [Pikel/+2 whip of freezing (3)]
  6589 | D:6      | Mangled by Pikel

Illustrated notes

Levels and vault maps discovered:
D:1:      dpeg_chamrin_arrival_tetris, layout_loops_cross,
          ebering_ecumenical_altar_hall, minmay_tromino_v4_c
D:2:      layout_loops_corners, serial_shops, nicolae_diamond_shop,
          lemuel_flame_loot_1, uniq_crazy_yiuf_cottage, uniq_sigmund
D:3:      minmay_spotlight, layout_loops_corners,
          nicolae_tso_swordbearing_angel, serial_shops, shop, st_stairs_3,
          uniq_terence, uniq_natasha
D:4:      layout_cave_pools, lemuel_tele_altar,
          mainiacjoe_overflow_six_doors_small
D:5:      layout_rooms, kennysheep_mini_moat, grunt_gozag_breadcrumbs,
          minmay_temple_entry_antechambers, serial_co_window_serial,
          co_window_paths_a, co_window_corner_a, co_window_corner_a,
          co_window_of_opportunity_a, co_window_paths_b, co_window_corner_a,
          co_window_corner_b, co_window_unsneaky_path_b,
          co_window_unsneaky_path_c, co_window_broadway_c, co_window_broadway_b,
          co_window_paths_d, glass_columns_b, glass_columns_a, glass_columns_b,
          glass_columns_b
D:6:      layout_gridville
D:7:      layout_gridville, mainiacjoe_overflow_alcove_2, uniq_joseph,
          uniq_pikel
Temple:   zaba_magenta_temple

Skill      XL: |  1  2  3  4  5  6  7  8 |
---------------+-------------------------+-----
Fighting       | 3 |  3.0
Ranged Weapons | 5 6 7 9 10 13 | 13.2
Dodging        | |  2.1
Stealth        | |  0.7

Action                   |  1- 3 |  4- 6 |  7- 9 || total
-------------------------+-------+-------+-------++-------
 Fire: Shortbow          |    80 |   152 |   353 ||   585
  Use: Scroll            |       |     5 |     4 ||     9
       Potion            |       |       |     5 ||     5
Armor: Leather armour    |     5 |    17 |    19 ||    41
Dodge: Dodged            |    41 |    40 |   125 ||   206
